woodfighter, chaotic female orcish Cavewoman --------------- |.....|.....|<| |.>..`|.`.`.|^| |.....|..`..|^| |..)%.......|%| |--%---(..`%|.| |.....|...).|.| |.....-------.| |.........a@..| -----...----..| ----- ---- woodfighter the Young Cave Woman Experience level: 6 Strength: 18/06 Dexterity: 11 Constitution: 14 Intelligence: 11 Wisdom: 7 Charisma: 10 Health: 0(47) Energy: 21(21) Def: 5 Gold: 693 Moves: 3521 Dungeon seed: kNBJYfjJsOYzH4Gi Game ID: woodfighter_1488149973 Your Inventory: Coins $ - 693 gold pieces Amulets m - a cursed amulet of restful sleep n - an uncursed amulet of magical breathing (being worn) Weapons a - a +1 club (weapon in hand) b - a +2 sling (alternate weapon; not wielded) Armor q - an uncursed +0 dwarvish cloak r - a cursed -1 pair of fumble boots y - an uncursed +0 elven mithril-coat (being worn) N - an uncursed +1 dwarvish iron helm S - a cursed -2 orcish helm Y - an uncursed +0 pair of iron shoes Comestibles c - 4 uncursed food rations D - an uncursed sprig of wolfsbane R - an uncursed fortune cookie Scrolls h - an uncursed scroll of gold detection j - an uncursed scroll of fire t - 2 uncursed scrolls of remove curse v - an uncursed scroll of genocide z - an uncursed scroll of light E - an uncursed scroll of scare monster H - a blessed scroll of create monster K - a cursed scroll of identify O - 2 uncursed scrolls of earth Spellbooks J - an uncursed spellbook of remove curse Potions k - an uncursed potion of oil A - a potion of holy water F - an uncursed potion of water I - a blessed potion of booze M - a blessed potion of sickness T - an uncursed potion of fruit juice Rings p - a cursed -3 ring of protection u - a cursed ring of teleportation U - a cursed ring of polymorph Wands B - a wand of enlightenment (0:11) Q - a wand of sleep (0:5) Tools s - an uncursed skeleton key w - a magic marker (0:54) G - an uncursed stethoscope W - an uncursed towel Gems e - 7 uncursed flints (in quiver) Spells and supernatural/magical abilities: Name Level Category Fail Memory W - pray for help -- divine ? -- Your skills at the end: Miscellaneous Skills bare handed combat [Basic] Weapon Skills scimitar [Basic] club [Skilled] sling [Basic] Spellcasting Skills Final Attributes: You were piously aligned. You were poison resistant. You were telepathic. You had infravision. You were somewhat stealthy. You could survive without air. You are dead. Vanquished creatures: a giant beetle 2 leprechauns 2 soldier ants a fire ant a violet fungus a gnome lord a gnomish wizard a red naga hatchling a gray ooze a puppy 2 floating eyes a dwarf an iguana 8 hill orcs a rabid rat 3 jitterbugs an orc zombie a hobbit an acid blob 3 geckos a hobgoblin a giant rat 3 yellow molds 2 red molds 2 gnomes 11 garter snakes 5 jackals 2 kobolds 5 newts 2 goblins 5 sewer rats 2 grid bugs 2 bats 5 lichens a kobold zombie 83 creatures vanquished. Voluntary challenges: You did not cause conflict. You were not invisible. You did not have reflection. You were not displaced. You used a wielded weapon 102 times, starting on turn 1. You did not use tools. You did not use plumbed fixtures. You did not drink any magical draughts. You read items or engraved 1 time, starting on turn 3249. You never genocided any monsters. You never polymorphed an object. You never changed form. You used no wishes. You never split a pudding. You never wrote Elbereth's name. You never violated your personal moral code. Dungeon overview: The Dungeons of Doom: levels 1 to 8 Level 1 a long staircase Level 2 (vault) an altar to Ishtar Level 3 a fountain stairs to The Gnomish Mines Level 4 a general store Level 5 Level 6 (leprechaun) some fountains Level 7 many fountains Level 8 stairs to Sokoban The Gnomish Mines: Level 4 stairs to The Dungeons of Doom Sokoban: Level 7 <- You were here a magic chest stairs to The Dungeons of Doom History has recorded: On T:1 you entered the Dungeons of Doom to retrieve the Amulet of Yendor! On T:175 you reached level 2 of The Dungeons of Doom. On T:297 you reached level 3 of The Dungeons of Doom. On T:348 you advanced to experience level 2. On T:621 you advanced to experience level 3. On T:871 you reached level 1 of The Gnomish Mines. On T:1022 you reached level 4 of The Dungeons of Doom. On T:1294 you reached level 5 of The Dungeons of Doom. On T:1591 you advanced to experience level 4. On T:2079 you reached level 6 of The Dungeons of Doom. On T:2396 you advanced to experience level 5. On T:2459 you reached level 7 of The Dungeons of Doom. On T:2917 you reached level 8 of The Dungeons of Doom. On T:2929 you advanced to experience level 6. On T:3233 you reached level 4 of Sokoban. Score breakdown: Gold: 693 ( 69 points) Experience: 6 levels ( 500 points) Exploration: 8 levels ( 210 points) Discoveries: 26 items ( 1300 points) Variety of kills: 35 monsters ( 1750 points) Major goal: (nothing yet) ( 0 points) Survival: died (score multiplied by 3) Total score: 11487 Latest messages: There are a few objects here. With great effort you move the boulder. The boulder fills a pit. There are a few objects here. (2x) With great effort you move the boulder. There are a few objects here. With great effort you move the boulder. You see here a curved sword. With great effort you move the boulder. There are a few objects here. With great effort you move the boulder. The boulder fills a pit. The hill orc wields a curved sword! You kill the hill orc! You feel more chaotic. The soldier ant bites! The soldier ant stings! You hit the soldier ant! The soldier ant bites! The soldier ant stings! You kill the soldier ant! (2x) You hit the soldier ant! The soldier ant bites! The soldier ant stings! The soldier ant bites! The soldier ant stings! You die... Final status: Goodbye woodfighter the Cavewoman, killed by a soldier ant... You died in Sokoban on dungeon level 7 with 11487 points, and 693 pieces of gold, after 3521 moves. You were level 6 with a maximum of 47 hit points when you died.